 Dungeon Crawl Stone Soup version 0.21.1-1-g345015f (webtiles) character file.

57 theblackcape the Magician (level 4, 0/32 HPs)
             Began as a Gnoll Wizard on June 10, 2018.
             Slain by an adder (3 damage)
             ... on level 2 of the Dungeon.
             The game lasted 00:09:07 (1119 turns).

theblackcape the Magician (Gnoll Wizard)            Turns: 1119, Time: 00:09:08

Health: 0/32       AC:  2    Str: 10    XL:     4   Next: 0%
Magic:  13/13      EV: 16    Int: 20    God:
Gold:   71         SH:  0    Dex: 14    Spells: 16/17 levels left

rFire    . . .     SeeInvis .   k - +1 short sword (speed)
rCold    . . .     Gourm    .   (no shield)
rNeg     . . .     Faith    .   a - +0 robe
rPois    .         Spirit   .   b - +0 hat
rElec    .         Reflect  .   (no cloak)
rCorr    .         Harm     .   (no gloves)
MR       .....                  (no boots)
Stlth    +++.......             (no amulet)
HPRegen  0.10/turn              f - +2 ring of evasion
MPRegen  0.13/turn              (no ring)

@: lethally poisoned (0 -> -5)
A: distributed training, fangs 1, strong nose
a: no special abilities


You were on level 2 of the Dungeon.
You were hungry.

You visited 1 branch of the dungeon, and saw 2 of its levels.

You collected 71 gold pieces.

Inventory:

Hand Weapons
 k - a +1 short sword of speed (weapon)
Missiles
 i - 6 silver javelins (quivered)
Armour
 a - a +0 robe (worn)
 b - a +0 hat (worn)
Jewellery
 f - a +2 ring of evasion (left hand)
Scrolls
 e - a scroll of noise {unknown}
 g - 2 scrolls of identify {unknown}
 h - a scroll of enchant armour {unknown}
 j - 3 scrolls of remove curse {unknown}
Potions
 l - a potion of might {unknown}
Books
 c - a book of Minor Magic

   Spells                             Type                      Level
   a - Magic Dart                     Conjuration                  1
   b - Blink                          Translocation                2
   c - Call Imp                       Summoning                    2
   d - Slow                           Hexes                        2
   e - Conjure Flame                  Conjuration/Fire             3
   f - Mephitic Cloud                 Conjuration/Poison/Air       3
Comestibles
 d - 3 rations


   Skills:
 + Level 1.0 Fighting
 + Level 1.0 Short Blades
 + Level 1.0 Long Blades
 + Level 1.0 Axes
 + Level 1.0 Maces & Flails
 + Level 1.0 Polearms
 + Level 1.0 Staves
 + Level 1.0 Slings
 + Level 1.0 Bows
 + Level 1.0 Crossbows
 + Level 1.0 Throwing
 + Level 1.0 Armour
 + Level 4.6 Dodging
 + Level 4.2 Stealth
 + Level 1.0 Shields
 + Level 1.0 Unarmed Combat
 + Level 7.1 Spellcasting
 + Level 2.1 Conjurations
 + Level 0.7 Hexes
 + Level 0.7 Charms
 + Level 2.1 Summonings
 + Level 0.7 Necromancy
 + Level 2.1 Translocations
 + Level 0.7 Transmutations
 + Level 0.7 Fire Magic
 + Level 0.7 Ice Magic
 + Level 0.7 Air Magic
 + Level 0.7 Earth Magic
 + Level 0.7 Poison Magic
 + Level 1.0 Invocations
 + Level 1.0 Evocations


You had 16 spell levels left.
You knew the following spells:

 Your Spells              Type           Power        Failure   Level  Hunger
a - Magic Dart            Conj           ###.         3%          1    None


Dungeon Overview and Level Annotations

Branches:
Dungeon (2/15)

Altars:
Elyvilon


Innate Abilities, Weirdness & Mutations

Your experience applies equally to all skills.
You have very sharp teeth.
Your uncanny sense of smell can sniff out nearby items.


Message History

The dart slug bites you. The adder completely misses you.
You feel sick. The adder misses you. The dart slug misses you.
The adder misses you. The adder closely misses you.
The dart slug completely misses you.
You feel sick. The adder closely misses you. The adder closely misses you.
The dart slug barely misses you. The adder bites you.
* * * LOW HITPOINT WARNING * * *
You are lethally poisoned!
The adder poisons you! The adder bites you but does no damage.
The dart slug closely misses you.
* * * LOW HITPOINT WARNING * * *
You feel sick. The adder misses you. The adder misses you.
The dart slug bites you.
* * * LOW HITPOINT WARNING * * *
* * * LOW HITPOINT WARNING * * *
You feel sick. The adder completely misses you.
The dart slug barely misses you. The adder misses you. The adder bites you.
You die...

....#......#)....#...#
..#.#.#.####.#.....#####
#>.........#.#........
#.#.#.#.#..#.#....####
#.#.#.#.#..#.#....#
#............#....#
....#.#.#.#..#....######
#####.#.#....# #....
.....rS@....#. #....
#.#.#.#w#.#.... #....
............. #....
.⌠.....⌠....##. #....
....._........#.#######+
..⌠.....⌠.....#.........
..............#......)..
.#.#.#.#.#...#.........
............


You could see an adder, a dart slug and a rat.

Vanquished Creatures
  An adder (D:2)
  An ooze (D:1)
  A worm (D:2)
  2 dart slugs (D:1)
  A giant cockroach (D:2)
  2 goblins
  8 hobgoblins
  9 kobolds
  A quokka (D:2)
  6 bats
  2 frilled lizards (D:1)
  A rat (D:1)
35 creatures vanquished.

Notes
Turn   | Place    | Note
-------+----------+-------------------------------------------
     0 | D:1      | theblackcape the Gnoll Wizard began the quest for the Orb.
     0 | D:1      | Reached XP level 1. HP: 13/13 MP: 8/8
     2 | D:1      | Noticed a vampire
     4 | D:1      | Noticed a merfolk
     4 | D:1      | Noticed an ogre
     6 | D:1      | Noticed a spriggan
     6 | D:1      | Noticed a formicid
     8 | D:1      | Noticed a felid
     8 | D:1      | Noticed a troll
    10 | D:1      | Noticed a naga
    10 | D:1      | Noticed an octopode
    12 | D:1      | Noticed a vine stalker
    12 | D:1      | Noticed a centaur
    14 | D:1      | Noticed a ghoul
    16 | D:1      | Noticed an elf
    18 | D:1      | Noticed a draconian
    18 | D:1      | Noticed a minotaur
    20 | D:1      | Noticed a dwarf
    20 | D:1      | Noticed a demonspawn
    22 | D:1      | Noticed a demigod
    22 | D:1      | Noticed a tengu
    24 | D:1      | Noticed a human
    24 | D:1      | Noticed a halfling
    26 | D:1      | Noticed a gargoyle
    98 | D:1      | Reached XP level 2. HP: 18/19 MP: 2/10
   572 | D:1      | Reached XP level 3. HP: 25/25 MP: 6/11
   876 | D:2      | Reached skill level 1 in Invocations
  1041 | D:2      | Reached skill level 1 in Fighting
  1041 | D:2      | Reached skill level 1 in Short Blades
  1041 | D:2      | Reached skill level 1 in Long Blades
  1041 | D:2      | Reached skill level 1 in Axes
  1041 | D:2      | Reached skill level 1 in Maces & Flails
  1041 | D:2      | Reached skill level 1 in Polearms
  1041 | D:2      | Reached skill level 1 in Staves
  1041 | D:2      | Reached skill level 1 in Slings
  1041 | D:2      | Reached skill level 1 in Bows
  1041 | D:2      | Reached skill level 1 in Crossbows
  1041 | D:2      | Reached skill level 1 in Throwing
  1041 | D:2      | Reached skill level 1 in Armour
  1041 | D:2      | Reached skill level 1 in Shields
  1041 | D:2      | Reached skill level 1 in Unarmed Combat
  1041 | D:2      | Reached skill level 1 in Evocations
  1097 | D:2      | Found a white marble altar of Elyvilon.
  1100 | D:2      | Reached XP level 4. HP: 32/32 MP: 13/13
  1119 | D:2      | Slain by an adder

Skill      XL: |  1  2  3 |
---------------+----------+-----
Conjurations   | 2 |  2.1
Summonings     | 2 |  2.1
Translocations | 2 |  2.1
Invocations    | 1 |  1.0
Fighting       | 1 |  1.0
Short Blades   | 1 |  1.0
Long Blades    | 1 |  1.0
Axes           | 1 |  1.0
Maces & Flails | 1 |  1.0
Polearms       | 1 |  1.0
Staves         | 1 |  1.0
Slings         | 1 |  1.0
Bows           | 1 |  1.0
Crossbows      | 1 |  1.0
Throwing       | 1 |  1.0
Armour         | 1 |  1.0
Shields        | 1 |  1.0
Unarmed Combat | 1 |  1.0
Evocations     | 1 |  1.0
Dodging        | |  4.6
Stealth        | |  4.2
Spellcasting   | |  7.1
Hexes          | |  0.7
Charms         | |  0.7
Necromancy     | |  0.7
Transmutations | |  0.7
Fire Magic     | |  0.7
Ice Magic      | |  0.7
Air Magic      | |  0.7
Earth Magic    | |  0.7
Poison Magic   | |  0.7

Action                   |  1- 3 |  4- 6 || total
-------------------------+-------+-------++-------
Melee: Unarmed           |    21 |       ||    21
       Bite              |     7 |       ||     7
       Short sword       |    34 |       ||    34
Throw: Javelin           |    13 |       ||    13
 Cast: Magic Dart        |    42 |       ||    42
 Stab: Sleeping          |     4 |       ||     4
Armor: Robe              |     6 |     4 ||    10
Dodge: Dodged            |    41 |    21 ||    62
